 Dungeon Crawl Stone Soup version 0.18-a0-1045-g4e042de (webtiles) character file.

80 George the Slasher (level 4, -2/39 HPs)
             Began as a Minotaur Fighter on Jan 11, 2016.
             Slain by Grinder (6 damage)
             ... while paralysed by Grinder
             ... on level 3 of the Dungeon.
             The game lasted 00:02:20 (1651 turns).

George the Slasher (Minotaur Fighter)               Turns: 1651, Time: 00:02:20

Health: -2/39      AC:  9    Str: 21    XL:     4   Next: 18%
Magic:  3/3        EV:  2    Int:  5    God:
Gold:   156        SH:  0    Dex: 10    Spells: 0 memorised, 3 levels left

rFire  . . .     SeeInvis .     a - +0 long sword
rCold  . . .     Gourm    .     p - +0 chain mail (curse)
rNeg   . . .     Faith    .     c - +0 shield
rPois  .         Spirit   .     (helmet restricted)
rElec  .         Dismiss  .     (no cloak)
rCorr  .         Reflect  .     (no gloves)
SustAt .         Harm     .     (no boots)
MR     +....                    (no amulet)
Stlth  ..........               (no ring)
                                h - ring of protection from magic

@: paralysed, somewhat resistant to hostile enchantments, extremely unstealthy
A: retaliatory headbutt, horns 2
a: no special abilities


You were on level 3 of the Dungeon.
You were very hungry.

You visited 1 branch of the dungeon, and saw 3 of its levels.

You collected 156 gold pieces.

Inventory:

Hand Weapons
 a - a +0 long sword (weapon)
Armour
 c - a +0 shield (worn)
 p - a cursed +0 chain mail (worn)
Jewellery
 h - a ring of protection from magic (left hand)
Scrolls
 i - a scroll of identify {unknown}
 j - 2 scrolls of blinking {unknown}
 k - a scroll of magic mapping {unknown}
 m - a scroll of teleportation {unknown}
 n - 3 scrolls of enchant armour {unknown}
Potions
 d - a potion of might
 g - a potion of lignification {unknown}
 l - a potion of degeneration {unknown}
 r - a potion of cure mutation {unknown}
Comestibles
 f - 2 bread rations
 o - a meat ration
 q - a royal jelly
 s - 2 chunks of flesh


   Skills:
 - Level 3.6 Fighting
 + Level 5.4 Long Blades
 - Level 3.6 Armour
 - Level 3.6 Shields


You had 3 spell levels left.
You didn't know any spells.

Dungeon Overview and Level Annotations

Branches:
Dungeon (3/15)

Altars:

Annotations:
D:3 Grinder


Innate Abilities, Weirdness & Mutations

You reflexively headbutt those who attack you in melee.
You have a pair of horns on your head.


Message History

Grinder barely misses you. You furiously retaliate!
You headbutt Grinder! Grinder hits you.
* * * LOW HITPOINT WARNING * * *
You writhe in agony.
* * * LOW HITPOINT WARNING * * *
A jackal comes into view.
Your chain mail prevents you from hitting Grinder.
Grinder is heavily wounded.
The jackal barks!
Grinder gestures at you.
You suddenly lose the ability to move!
The jackal bites you but does no damage.
The jackal bites you but does no damage.
Grinder hits you.
* * * LOW HITPOINT WARNING * * *
You writhe in agony.
* * * LOW HITPOINT WARNING * * *
The jackal bites you but does no damage.
Grinder hits you.
You die...

.
..................>#.######
.
..#####.#.###.###)........#
#.......###.###.........#
#.###.##................#
..###.##.##.###.........#
........................#
#####........##.........#
#######.##..##.....5...#
........@5..##.........#
######h.#..##.........#
..[....#.#..##.........#
.......#.#..##..†......#
.......#.#..##..)......#
.......#....##.........#
..................######
.....)...(.........
#####.............##


You could see Grinder and a jackal.

Vanquished Creatures
  Terence (D:3)
  2 adders
  A worm (D:2)
  3 bats
  5 goblins
  4 hobgoblins
  5 jackals
  A giant newt (D:1)
  4 kobolds
  6 rats
32 creatures vanquished.

Notes
Turn   | Place    | Note
--------------------------------------------------------------
     0 | D:1      | George the Minotaur Fighter began the quest for the Orb.
     0 | D:1      | Reached XP level 1. HP: 19/19 MP: 0/0
   463 | D:2      | Reached XP level 2. HP: 21/26 MP: 1/1
   605 | D:2      | Reached skill level 4 in Long Blades
   803 | D:2      | Reached XP level 3. HP: 31/31 MP: 2/2
  1044 | D:3      | Noticed Terence
  1057 | D:3      | Killed Terence
  1057 | D:3      | Reached skill level 5 in Long Blades
  1182 | D:3      | Reached XP level 4. HP: 22/39 MP: 3/3
  1365 | D:3      | Noticed Grinder
  1372 | D:3      | Paralysed by Grinder for 2 turns
  1379 | D:3      | Paralysed by Grinder for 3 turns
  1649 | D:3      | Paralysed by Grinder for 3 turns
  1651 | D:3      | Slain by Grinder

Vault maps used:
D:1:      grunt_arrival_crossed_arrows, minmay_misc_feat_tiny
D:3:      uniq_terence, uniq_grinder

Action                   |  1- 3 |  4- 6 || total
-------------------------+-------+-------++-------
Melee: Long sword        |    71 |    18 ||    89
  Eat: Chunk             |       |     1 ||     1
